 Dungeon Crawl Stone Soup version 0.17-a0-18-gc25b939 (webtiles) character file.

652 Eptagon the Ruffian (level 7, 0/50 HPs)
             Began as an Octopode Fighter on Mar 10, 2015.
             Slain by a worker ant (5 damage)
             ... on level 4 of the Dungeon.
             The game lasted 00:11:26 (4074 turns).

Eptagon the Ruffian (Octopode Fighter)              Turns: 4074, Time: 00:11:26

Health: 0/50       AC:  1    Str: 15    XL:     7   Next: 54%
Magic:  7/7        EV: 11    Int: 10    God:
Gold:   133        SH:  9    Dex: 14    Spells: 0 memorised, 6 levels left

rFire  . . .     SeeInvis .       - Unarmed
rCold  . . .     Clarity  .     c - +0 shield
rNeg   . . .     SustAb   .     (helmet restricted)
rPois  .         Gourm    .     (no amulet)
rElec  .         Spirit   .     (no ring)
rCorr  .         Warding  .     (no ring)
rMut   .         Stasis   .     (no ring)
MR     .....                    (no ring)
Stlth  ++........               (no ring)
                                (no ring)
                                (no ring)
                                (no ring)

@: lethally poisoned (0 -> -3), about to teleport, not resistant to hostile
enchantments, unstealthy
A: almost no armour, amphibious, 8 rings, constrict 8, camouflage 1, gelatinous
body 1
a: no special abilities


You were on level 4 of the Dungeon.
You were not hungry.

You visited 1 branch of the dungeon, and saw 4 of its levels.

You collected 133 gold pieces.

Inventory:

Armour
 c - a +0 shield (worn)
Magical devices
 l - a wand of fireball (0)
Scrolls
 e - 2 scrolls of identify
 f - a scroll of remove curse {unknown}
 g - a scroll of recharging {unknown}
 j - a scroll of magic mapping {unknown}
Potions
 d - a potion of agility
 h - a potion of mutation
Comestibles
 a - a bread ration
 i - 4 chunks of flesh


   Skills:
 + Level 5.6 Fighting
 - Level 3.0 Dodging
 - Level 3.0 Shields
 * Level 6.6 Unarmed Combat


You had 6 spell levels left.
You didn't know any spells.

Dungeon Overview and Level Annotations

Branches:
Dungeon (4/15)
 Temple: D:4-7

Altars:

Annotations:
D:3 Sigmund


Innate Abilities, Weirdness & Mutations

You cannot wear most types of armour.
You are amphibious.
You can wear up to eight rings at the same time.
You can use your tentacles to constrict many enemies at once.
Your skin changes colour to match your surroundings (Stealth).
Your rubbery body absorbs attacks (AC +1).


Message History

The phantom is heavily damaged.
You block the worker ant's attack. The worker ant bites you.
You are poisoned.
The worker ant poisons you! The phantom barely misses you.
You feel sick. The worker ant bites you!
* * * LOW HITPOINT WARNING * * *
You feel sick.
Drink which item? (? for menu, Esc to quit)
Okay, then.
Unknown command.
Read which item? (? for menu, Esc to quit)
Okay, then.
The phantom hits you.
* * * LOW HITPOINT WARNING * * *
The phantom blinks!
Read which item? (? for menu, Esc to quit)
As you read the scroll labeled JAANAQ DAA, it crumbles to dust.
You feel strangely unstable.
It was a scroll of teleportation.
You feel sick. The worker ant closely misses you. The worker ant bites you.
You die...

. .... ....#+###
###### #......#
.. #....#
#......+ .... #
#....#
#....>@##+#.....
####....#
#.....§a........
...#....#
#...............
...##'###
#........>......
........#
#...............
........#
#...............
##+##...#
#.......W......
...##...#
#..............
...#....#
#..............


You could see a phantom and a worker ant.

Vanquished Creatures
  A giant frog (D:3)
  A scorpion (D:3)
  The ghost of hornqvist the Sneak, a weakling OpAs (D:3)
  A giant frog skeleton (D:4)
  An orc wizard (D:3)
  5 orc priests
  A worker ant (D:4)
  Natasha (twice) (D:3)
  Jessica (D:2)
  Robin (D:3)
  4 gnolls (D:3)
  6 adders
  2 giant geckos (D:3)
  17 orcs
  3 ball pythons
  A bat skeleton (D:4)
  3 giant cockroaches
  14 goblins
  12 hobgoblins
  6 jackals (D:3)
  8 kobolds
  9 bats
  2 giant newts
  A quokka (D:2)
  4 rats
107 creatures vanquished.

Notes
Turn   | Place    | Note
--------------------------------------------------------------
     0 | D:1      | Eptagon, the Octopode Fighter, began the quest for the Orb.
     0 | D:1      | Reached XP level 1. HP: 16/16 MP: 1/1
    97 | D:1      | Reached XP level 2. HP: 21/21 MP: 2/2
   456 | D:1      | Reached XP level 3. HP: 23/26 MP: 3/3
  1057 | D:2      | Noticed Jessica
  1061 | D:2      | Killed Jessica
  1061 | D:2      | Reached skill level 4 in Fighting
  1061 | D:2      | Reached XP level 4. HP: 14/33 MP: 4/4
  1690 | D:3      | Noticed Sigmund
  1852 | D:3      | Noticed hornqvist's ghost (weakling OpAs)
  1870 | D:3      | Killed hornqvist's ghost
  1870 | D:3      | Reached XP level 5. HP: 6/37 MP: 5/5
  2486 | D:3      | Noticed a giant frog
  2515 | D:3      | Killed a giant frog
  2515 | D:3      | Reached skill level 5 in Unarmed Combat
  2515 | D:3      | Reached XP level 6. HP: 34/44 MP: 6/6
  2639 | D:3      | Noticed Robin
  2673 | D:3      | Killed Robin
  2722 | D:3      | Noticed Natasha
  2747 | D:3      | Killed Natasha
  2750 | D:3      | Reached skill level 5 in Fighting
  3374 | D:3      | Reached skill level 6 in Unarmed Combat
  3374 | D:3      | Reached XP level 7. HP: 24/50 MP: 7/7
  3596 | D:3      | Noticed Natasha
  3609 | D:3      | Killed Natasha
  4074 | D:4      | Slain by a worker ant

Action                   |  1- 3 |  4- 6 |  7- 9 || total
-------------------------+-------+-------+-------++-------
Melee: Unarmed           |    73 |   152 |    37 ||   262
Evoke: Wand              |       |     1 |       ||     1
  Use: Scroll            |       |     4 |     1 ||     5
       Potion            |       |     5 |       ||     5
 Stab: Sleeping          |     4 |     1 |     1 ||     6
  Eat: Chunk             |       |     7 |     3 ||    10
